cohdb
Replays
Latest Replays
All Replays
Popular Replays
Top Player Replays
Match Explorer
How It Works
Community
CoH3 Stats
Reddit
Sign in to upload your games and track your stats! →
Sign in with Steam
Match 42516504
Unlisted
Match 42516504
Overview
Messages
Build Orders
End
Pioneer Squad
Construct Infanterie Kompanie
Grenadier Squad
Selects Breakthrough Battlegroup
Selects Assault Grenadiers
Grenadier Squad
MG 42 Machine Gun Team
Grenadier Squad
Selects Rapid Production
Infanterie Officer Quarters
Construct Luftwaffe Kompanie
221 Scout Car
Jäger Squad
Luftwaffe Officer Quarters
Flak 30 Anti-aircraft Gun Team
Support Elements
Selects Blitzkrieg
Wirbelwind Flakpanzer
Wirbelwind Flakpanzer
Side Skirts
Medical Bunker
Alfonso
CamaradeOurs
0
0
Comments
sign in to comment!
No comments posted yet!